Map: Data-C

Players

PtitDrogo

  • Race: Protoss Protoss
  • Spawn Location: 3:00

ShoWTimE - Winner!

  • Race: Protoss Protoss
  • Spawn Location: 9:00

Event: HomeStory Cup XXII

VOD

Have the link to the VOD?

Description

Time

  • Played on: Dec. 15, 2022, 5:47 a.m.
  • Length: 4:17

All games in this series

Show
View Real Time Build Order
Export as new Build Order

PtitDrogo Protoss 

Build Orders: Oracle Opening 

Get SALT Encoding   

  12  0:00  Probe  
  13  0:12  Probe  
  14  0:19  Pylon  
  14  0:24  Probe  
  15  0:37  Probe (Chrono Boost)  
  15  0:38  Gateway  
  16  0:43  Assimilator  
  16  0:49  Probe (Chrono Boost)  
  17  0:54  Probe (Chrono Boost)  
  18  0:59  Assimilator  
  18  1:04  Probe (Chrono Boost)  
  18  1:06  Pylon  
  19  1:15  Probe (Chrono Boost)  
  20  1:21  Probe (Chrono Boost)  
  21  1:26  Cybernetics Core  
  21  1:32  Probe  
  22  1:34  Zealot  
  24  1:43  Pylon  
  24  1:46  Probe  
  25  1:58  Probe  
  26  2:04  Stargate  
  26  2:06  Stalker  
  28  2:10  Probe  
  29  2:17  Pylon  
  29  2:25  Probe  
  29  2:43  Probe  
  30  2:44  Oracle (Chrono Boost)  
  33  2:57  Nexus  
  33  2:59  Probe  
  34  3:12  Probe  
  35  3:14  Oracle (Chrono Boost)  
  36  3:24  Probe  
  39  3:38  Gateway, Probe  
  37  4:11  Pylon  
Show
View Real Time Build Order
Export as new Build Order

ShoWTimE Protoss - Winner!

Build Orders:  

Get SALT Encoding   

  12  0:00  Probe  
  13  0:12  Probe  
  14  0:17  Pylon  
  14  0:24  Probe (Chrono Boost)  
  15  0:36  Probe (Chrono Boost)  
  15  0:38  Gateway  
  16  0:44  Probe (Chrono Boost)  
  16  0:46  Assimilator  
  17  0:50  Probe  
  18  1:03  Probe  
  19  1:15  Probe  
  20  1:20  Pylon  
  20  1:25  Cybernetics Core  
  20  1:27  Probe  
  20  1:28  Zealot  
  23  1:39  Probe  
  24  1:48  Assimilator  
  24  1:51  Probe  
  25  1:59  Stalker (Chrono Boost)  
  25  2:02  Warp Gate  
  25  2:03  Probe  
  28  2:18  Pylon  
  28  2:19  Stalker (Chrono Boost)  
  30  2:34  Nexus  
  30  2:39  Probe  
  30  2:43  Stalker  
  32  2:51  Probe  
  32  2:55  Shield Battery  
  33  3:04  Shield Battery, Probe  
  34  3:13  Stalker  
  36  3:21  Probe  
  37  3:31  Twilight Council  
  37  3:33  Probe  
  36  3:45  Probe  
  37  3:53  Probe  
  38  3:57  Probe  
  37  4:05  Probe  
  37  4:06  Gateway  
  37  4:08  Gateway  
  39  4:15  Stalker  
Tags
 
Matchup
PvP
Replay Pack
hsc22
Spawn Locations
Cross Positions
Add a new tag
Caveats
  • Supply blocks, unpowered buildings, or Contaminate may cause inaccurate times.
  • Supply counts are checked every 10 seconds.